 Dungeon Crawl Stone Soup version 0.19-a0-1072-g3763c35 (webtiles) character file.

12040 Jmtri7 the Carver (level 11, -2/107 HPs)
             Began as a Minotaur Gladiator on Aug 5, 2016.
             Was a Priest of Dithmenos.
             Slain by a skeletal warrior
             ... wielding a cursed -1 dire flail
             ... led by a death knight
              (16 damage)
             ... on level 12 of the Dungeon.
             The game lasted 00:37:03 (10011 turns).

Jmtri7 the Carver (Minotaur Gladiator)             Turns: 10011, Time: 00:37:04

Health: -2/107     AC: 19    Str: 20    XL:     11   Next: 57%
Magic:  3/3        EV:  9    Int: 14    God:    Dithmenos [***...]
Gold:   449        SH:  8    Dex: 19    Spells: 0 memorised, 10 levels left

rFire  . . .     SeeInvis .     k - +0 long sword of Okawaru's Outrage {antimagic, +Fly Int+6} (curse)
rCold  . . .     Gourm    .     C - +10 chain mail of This Worked Last Time {rElec Int+3}
rNeg   . . .     Faith    .     h - +0 shield
rPois  .         Spirit   .     c - +0 hat
rElec  +         Dismiss  .     (no cloak)
rCorr  .         Reflect  .     (no gloves)
SustAt .         Harm     .     e - +0 pair of boots
MR     .....                    (no amulet)
Stlth  ..........               u - +4 ring of slaying
                                D - +5 ring of dexterity

@: wreathed by umbra
A: retaliatory headbutt, horns 2
a: Shadow Step, Renounce Religion, Evoke Flight


You were on level 12 of the Dungeon.
You worshipped Dithmenos.
Dithmenos was most pleased with you.
You were not hungry.

You visited 2 branches of the dungeon, and saw 13 of its levels.

You collected 449 gold pieces.

Inventory:

Hand Weapons
 k - the cursed +0 long sword of Okawaru's Outrage (weapon) {antimagic, +Fly Int+6}
   (You found it on level 9 of the Dungeon)

   It reduces the magical energy of the wielder, and disrupts the spells and
   magical abilities of those hit.
   Natural abilities and divine invocations are not affected.
   It affects your intelligence (+6).
   It lets you fly.
   It has a curse placed upon it.
 t - a +0 great sword
Missiles
 d - 6 throwing nets (quivered)
Armour
 c - a +0 hat (worn)
 e - a +0 pair of boots (worn)
 h - a +0 shield (worn)
 C - the +10 chain mail of This Worked Last Time (worn) {rElec Int+3}
   (You found it on level 8 of the Dungeon)

   It affects your intelligence (+3).
   It insulates you from electricity.
Jewellery
 u - a +4 ring of slaying (right hand)
 D - a +5 ring of dexterity (left hand)
Scrolls
 a - a scroll of identify
 b - a scroll of remove curse
 i - a scroll of amnesia
 j - a scroll of recharging
 s - 3 scrolls of teleportation
 v - a scroll of magic mapping {unknown}
 w - a scroll of fog
Potions
 g - a potion of ambrosia {unknown}
 l - a potion of brilliance {unknown}
 m - 2 potions of agility
 n - 2 potions of lignification {unknown}
 o - 3 potions of flight
 q - a potion of invisibility {unknown}
 A - 2 potions of mutation
 I - 2 potions of heal wounds {unknown}
 L - 4 potions of curing
Comestibles
 f - 10 bread rations
 p - 2 slices of pizza
 r - 6 meat rations
 x - 3 chunks of flesh
 E - a royal jelly
 H - a beef jerky
 J - 3 fruits


   Skills:
 + Level 13.6 Fighting
 - Level 14.9 Long Blades
 - Level 2.0 Throwing
 - Level 8.1 Dodging


You had 10 spell levels left.
You didn't know any spells.

Dungeon Overview and Level Annotations

Branches:
Dungeon (12/15)            Temple (1/1) D:5            Lair (0/6) D:9
    Orc (0/2) D:9

Altars:
Cheibriados
Dithmenos
Elyvilon
Okawaru
Pakellas
Qazlal
Ru
Sif Muna
Trog
Vehumet
Xom
Zin

Shops:
D:5 ?


Innate Abilities, Weirdness & Mutations

You reflexively headbutt those who attack you in melee.
You have a pair of horns on your head.


Message History

You headbutt the skeletal warrior, but do no damage.
The skeletal warrior is severely damaged.
The skeletal warrior hits you with a dire flail.
* * * LOW HITPOINT WARNING * * *
You hit the skeletal warrior but do no damage.
The skeletal warrior is severely damaged.
Something hits you but does no damage. Something hits you.
* * * LOW HITPOINT WARNING * * *
The skeletal warrior hits you but does no damage.
You hit the skeletal warrior.
The skeletal warrior is severely damaged.
Something hits you but does no damage.
The skeletal warrior hits you but does no damage.
You hit the skeletal warrior but do no damage.
The skeletal warrior is severely damaged.
You hit the skeletal warrior.
The skeletal warrior is almost destroyed.
Something hits you but does no damage.
The skeletal warrior hits you with a dire flail!
You die...

#.........'
+.........#
#.........#
#.........#
#?........#
#.=.......#
#.........#
#z# ##@#
##..# #..##
##.#######
#........###.
#...%........
#..:.....###
#....<...#
+.......(..#


You could see a skeletal warrior.

Vanquished Creatures
  The ghost of Pinechild the Ducker, a novice DsFE of Kikubaaqudgha (D:9)
  3 hill giants
  Pikel (D:7)
  The ghost of paul the Infuser, a novice DECj of Hepliaklqana (D:7)
  A deep elf mage (D:10)
  A cyclops (D:11)
  A centaur skeleton (D:11)
  A freezing wraith (D:12)
  A komodo dragon (D:10)
  3 trolls
  A merfolk (D:11)
  The ghost of Pabst the Slasher, an amateur DsFi of Okawaru (D:4)
  2 two-headed ogres
  4 slime creatures (D:11)
  Prince Ribbit (D:6)
  Sigmund (D:2)
  A wraith (D:12)
  A hippogriff (D:12)
  2 hungry ghosts
  Menkaure (D:6)
  Duvessa (D:6)
  4 orc warriors
  2 ice beasts
  4 sky beasts
  4 ogres
  2 centaurs (D:10)
  A big kobold (D:7)
  2 giant frogs
  A wyvern zombie (D:7)
  5 scorpions
  A water moccasin skeleton (D:7)
  Dowan (D:6)
  10 killer bees
  4 wights (D:10)
  A howler monkey (D:4)
  A jelly (D:9)
  4 crimson imps
  A giant frog skeleton (D:4)
  11 orc priests
  4 hounds
  5 iguanas
  5 worker ants
  Natasha (thrice) (D:2 D:3)
  16 orc wizards
  A hound skeleton (D:11)
  Robin (D:2)
  14 adders
  2 shadow imps
  An ooze (D:3)
  4 adder skeletons
  An adder zombie (D:6)
  5 worms
  5 dart slugs
  2 giant geckos
  35 orcs
  A ball python (D:4)
  8 bats
  7 giant cockroaches
  18 goblins
  15 hobgoblins
  17 jackals
  7 quokkas
  A giant gecko skeleton (D:4)
  9 giant newts
  A jackal skeleton (D:6)
  8 kobolds
  A quokka skeleton (D:4)
  A quokka zombie (D:6)
  10 rats
297 creatures vanquished.

Vanquished Creatures (others)
  2 slaves (D:7)
  An orc priest (D:7)
3 creatures vanquished.

Grand Total: 300 creatures vanquished

Notes
Turn   | Place    | Note
-------+----------+-------------------------------------------
     0 | D:1      | Jmtri7 the Minotaur Gladiator began the quest for the Orb.
     0 | D:1      | Reached XP level 1. HP: 18/18 MP: 0/0
    77 | D:1      | Reached XP level 2. HP: 22/25 MP: 1/1
   685 | D:2      | Noticed Robin
   689 | D:1      | Reached XP level 3. HP: 30/30 MP: 2/2
   735 | D:2      | Reached skill level 5 in Dodging
   738 | D:2      | Killed Robin
   794 | D:2      | Reached XP level 4. HP: 33/37 MP: 3/3
   833 | D:2      | Noticed Sigmund
   855 | D:2      | Killed Sigmund
   855 | D:2      | Reached XP level 5. HP: 21/42 MP: 4/4
  1014 | D:2      | Noticed Natasha
  1024 | D:2      | Killed Natasha
  1197 | D:2      | Noticed Natasha
  1204 | D:2      | Killed Natasha
  1204 | D:2      | Reached XP level 6. HP: 44/50 MP: 5/5
  1688 | D:2      | Found a bloodstained altar of Trog.
  2320 | D:3      | Noticed Natasha
  2327 | D:3      | Killed Natasha
  2327 | D:3      | Reached skill level 4 in Long Blades
  2868 | D:4      | Reached skill level 5 in Long Blades
  2872 | D:4      | Reached XP level 7. HP: 23/56 MP: 6/6
  2901 | D:4      | Noticed Pabst's ghost (amateur DsFi)
  2911 | D:5      | Entered Level 5 of the Dungeon
  2911 | D:5      | Found Byimp's Magic Scroll Emporium.
  3043 | D:4      | Killed Pabst's ghost
  3043 | D:4      | Reached skill level 6 in Long Blades
  3401 | D:4      | Reached skill level 7 in Long Blades
  3441 | D:4      | Reached skill level 8 in Long Blades
  3701 | D:4      | Reached XP level 8. HP: 62/62 MP: 7/7
  3769 | D:4      | Found a white marble altar of Elyvilon.
  4074 | D:5      | Reached skill level 9 in Long Blades
  4137 | D:5      | Found a staircase to the Ecumenical Temple.
  4154 | Temple   | Entered the Ecumenical Temple
  4189 | Temple   | Became a worshipper of Dithmenos the Shadowed
  4386 | D:5      | Reached skill level 10 in Long Blades
  4718 | D:5      | Found a deep blue altar of Sif Muna.
  4758 | D:5      | You fall through a shaft for 3 floors!
  4766 | D:8      | Got a crude chain mail
  4778 | D:8      | Identified the +10 chain mail of This Worked Last Time {rElec Int+3} (You found it on level 8 of the Dungeon)
  5418 | D:7      | Noticed paul's ghost (novice DECj)
  5446 | D:6      | Noticed Menkaure
  5621 | D:6      | Killed Menkaure
  5621 | D:6      | Reached skill level 11 in Long Blades
  5634 | D:6      | Reached * piety under Dithmenos
  5639 | D:6      | Noticed Dowan
  5643 | D:6      | Noticed Duvessa
  5653 | D:6      | Killed Dowan
  5662 | D:6      | Killed Duvessa
  5687 | D:6      | Noticed Prince Ribbit
  5702 | D:6      | Killed Prince Ribbit
  5702 | D:6      | Reached skill level 12 in Long Blades
  5702 | D:6      | Reached XP level 9. HP: 68/68 MP: 8/8
  6181 | D:7      | Reached skill level 13 in Long Blades
  6210 | D:7      | Noticed Pikel
  6239 | D:7      | Killed Pikel
  6249 | D:7      | Reached skill level 14 in Long Blades
  6335 | D:7      | Killed paul's ghost
  6605 | D:9      | Reached XP level 10. HP: 74/74 MP: 9/9
  6639 | D:9      | Noticed Pinechild's ghost (novice DsFE)
  6658 | D:9      | HP: 3/74 [Pinechild's ghost/flame tongue (30)]
  6667 | D:9      | HP: 2/74 [Pinechild's ghost (2)]
  6669 | D:9      | Killed Pinechild's ghost
  7018 | D:9      | Reached skill level 5 in Fighting
  7064 | D:9      | Found a stormy altar of Qazlal.
  7098 | D:9      | Reached ** piety under Dithmenos
  7154 | D:9      | Found a staircase to the Orcish Mines.
  7251 | D:9      | Got a translucent long sword
  7252 | D:9      | Identified the cursed +0 long sword of Okawaru's Outrage {antimagic, +Fly Int+6} (You found it on level 9 of the Dungeon)
  7460 | D:9      | Found a staircase to the Lair.
  7699 | D:10     | Entered Level 10 of the Dungeon
  7768 | D:10     | Noticed a hill giant
  7777 | D:10     | HP: 4/88 [hill giant/giant club (12)]
  7778 | D:10     | Killed a hill giant
  8208 | D:10     | Reached skill level 10 in Fighting
  8275 | D:10     | Reached *** piety under Dithmenos
  8363 | D:10     | Noticed a deep elf mage
  8379 | D:10     | Killed a deep elf mage
  8379 | D:10     | Reached XP level 11. HP: 86/101 MP: 3/10
  9197 | D:11     | Noticed a hill giant
  9202 | D:11     | Killed a hill giant
  9241 | D:11     | Noticed a hill giant
  9249 | D:11     | Killed a hill giant
  9965 | D:12     | Noticed a skeletal warrior
 10011 | D:12     | Slain by a skeletal warrior

Vault maps used:
D:1:      dpeg_arrival_rhombus
D:2:      marbit_many_paths, uniq_natasha, uniq_sigmund, uniq_robin
D:3:      first_bread
D:4:      lemuel_crystal_altar, serial_glass, glass_columns_b, glass_columns_c
D:5:      serial_shops, nicolae_shop_competitors_out_of_business,
          nicolae_ossuary_entry_monument, lemuel_blue_sif_altar
D:6:      uniq_duvessa, uniq_prince_ribbit1, uniq_menkaure
D:7:      uniq_pikel
D:8:      serial_co_window_serial, co_window_paths_a, co_window_paths_b,
          co_window_of_opportunity_a, co_window_of_opportunity_a,
          co_window_paths_a, co_window_2corner, co_window_corner_b,
          co_window_paths_c, co_window_cross_4, glass_columns_c,
          glass_columns_b, glass_columns_a, glass_columns_b
D:9:      lair_0_dummy, orc_0_dummy, basic_altar
D:11:     hangedman_fish_farm
Temple:   regret_index_temple_chain_breaker

Skill      XL: |  1  2  3  4  5  6  7  8  9 10 11 |
---------------+----------------------------------+-----
Dodging        | 4 5 7 8 |  8.1
Long Blades    | 5 8 12 14 | 14.9
Fighting       | 10 13 | 13.6
Throwing       | |  2.0

Action                   |  1- 3 |  4- 6 |  7- 9 | 10-12 || total
-------------------------+-------+-------+-------+-------++-------
Melee: Long sword        |    99 |   227 |    87 |   298 ||   711
       Headbutt          |    17 |    39 |    59 |   129 ||   244
       Falchion          |       |       |   212 |    84 ||   296
  Use: Scroll            |       |     2 |     1 |    13 ||    16
       Potion            |       |       |     1 |     2 ||     3
  Eat: Chunk             |       |     7 |    14 |    11 ||    32
Armor: Leather armour    |     9 |       |     2 |       ||    11
       Plate armour      |    65 |   154 |    58 |       ||   277
       Chain mail        |       |       |    54 |   144 ||   198
Dodge: Dodged            |    42 |    73 |    54 |   115 ||   284
Block: Shield            |       |    40 |    41 |    99 ||   180
       Large shield      |       |       |    68 |       ||    68
